 Dungeon Crawl Stone Soup version bcrawl-1.27.8b (webtiles) character file.

Game seed: 6427667664948038370

93189 IndianaRuse the Sneak (level 3, 0/21 HPs)
             Began as a Vine Stalker Archaeologist on Nov 9, 2020.
             Slain by Terence
             ... wielding a +0 flail
              (10 damage)
             ... on level 2 of the Dungeon.
             The game lasted 00:04:44 (1361 turns).

IndianaRuse the Sneak (Vine Stalker Archaeologist)  Turns: 1361, Time: 00:04:44

Health: 0/21       AC:  5    Str: 14    XL:     3   Next: 18%
Magic:  4/4        EV: 13    Int: 14    God:
Gold:   111        SH:  0    Dex: 12    Spells: 2/2 levels left

rFire    . . .     SeeInvis .   n - +2 short sword (holy)
rCold    . . .     Gourm    .   (no shield)
rNeg     . . .     Faith    .   b - +1 robe
rPois    .         Spirit   .   c - +1 hat
rElec    .         Reflect  .   (no cloak)
rCorr    .         Harm     .   (no gloves)
MR       .....                  j - +0 pair of boots (curse)
Stlth    +++.......             (no amulet)
HPRegen  0.47/turn              (no ring)
MPRegen  0.09/turn              (no ring)

@: no status effects
A: fangs 2, regeneration 1, no potion heal 3, rot immunity, strong jaws
a: no special abilities


You were on level 2 of the Dungeon.
You were not hungry.

You visited 1 branch of the dungeon, and saw 2 of its levels.

You collected 111 gold pieces.

Inventory:

Hand Weapons
 a - a +0 whip
 n - a +2 short sword of holy wrath (weapon)
   (You found it on level 1 of the Dungeon)
Missiles
 h - 443 stones (quivered)
Armour
 b - a +1 robe (worn)
 c - a +1 hat (worn)
 d - a +1 pair of boots
 j - a cursed +0 pair of boots (worn)
   (You found it on level 2 of the Dungeon)
Wands
 t - a wand of flame (13)
   (You found it on level 2 of the Dungeon)
Scrolls
 g - a scroll of magic mapping
 i - a scroll of remove curse {@r2}
Potions
 k - a potion of degeneration {!q}
 l - a potion of cancellation {unknown}
 m - a potion of flight
Miscellaneous
 f - a dusty tome
Comestibles
 e - 7 rations {!d!d}


   Skills:
 * Level 2.3 Fighting
 - Level 0.8 Maces & Flails
 + Level 3.4 Dodging
 - Level 4.4 Stealth


You had 2 spell levels left.
You didn't know any spells.
Your spell library was empty.

Dungeon Overview and Level Annotations

Branches:
Dungeon (2/12)

Altars:

Annotations:
D:2 1 exclusion, Terence


Innate Abilities, Weirdness & Mutations

You have extremely sharp teeth.
Your natural rate of healing is unusually fast.
Potions cannot restore your health.
You are immune to rotting.
Your bites deal extra damage.


Message History

There is an open door here.
You open the door.
A quokka comes into view.
Found 315 sling bullets, a ration and a club.
A quokka is nearby!
A quokka is nearby!
A quokka is nearby!
There is an open door here.
The quokka bites you but does no damage.
You see here a club.
You hit the quokka. The quokka barely misses you. The quokka bites you.
You closely miss the quokka. The quokka closely misses you.
You hit the quokka. Your bite misses the quokka. The quokka misses you.
You hit the quokka.
You kill the quokka!
No target in view!
No target in view!
e - 7 rations {!d!d} (gained 1)
You open the door.
There is an open door here.
There is an open door here.
You open the door.
There is an open door here.
Found a stone staircase leading up.
A kobold and Terence come into view.
Found 95 arrows.
The helpless kobold fails to defend itself.
You hit the kobold.
You kill the kobold!
You see here a kobold corpse.
Terence barely misses you.
You hit Terence but do no damage. You hit Terence but do no damage.
Terence says, "Rest in peace."
Terence drinks a potion.
Terence seems to speed up.
Terence asks, "Do you want it fast or slow?"
Terence completely misses you.
You hit Terence but do no damage.
Terence asks, "Do you want it fast or slow?"
Terence hits you but does no damage.
You hit Terence. Terence barely misses you.
You closely miss Terence. You bite Terence, but do no damage.
Terence barely misses you. Terence closely misses you.
You barely miss Terence. Terence hits you with a +0 flail.
You hit Terence but do no damage. Terence hits you with a +0 flail.
You barely miss Terence. Terence completely misses you.
Terence hits you with a +0 flail!
* * * LOW HITPOINT WARNING * * *
Terence hits you with a +0 flail!
You die...

##.....##.#####
##...###.# ## ##.##
#.####. #.# #...... #.#
####### #.# #.###### #.#
#...@(# #.# #
#.###@#####.#### ## #..
#.##.......# ##.
#.#.##.##.#..# ##..
#..#..##.##....####...
#.................+...
#..#.##.##.##....####.).
# #. #.##.......# ##.. .
..#######.## ##. # ####
.# ##


You could see Terence.

Vanquished Creatures
  An orc (D:2)
  A giant cockroach (D:1)
  3 hobgoblins
  3 jackals
  2 quokkas
  3 bats (D:1)
  A frilled lizard (D:2)
  3 goblins
  5 kobolds
  5 rats (D:1)
27 creatures vanquished.

Notes
Turn   | Place    | Note
-------+----------+-------------------------------------------
     0 | D:1      | IndianaRuse the Vine Stalker Archaeologist began the quest
                  | for the Orb.
     0 | D:1      | Reached XP level 1. HP: 11/11 MP: 2/2
    46 | D:1      | Reached skill level 1 in Fighting
   238 | D:1      | Reached XP level 2. HP: 16/16 MP: 3/3
   883 | D:2      | Reached XP level 3. HP: 21/21 MP: 4/4
  1344 | D:2      | Noticed Terence
  1361 | D:2      | Slain by Terence

Skill      XL: |  1  2 |
---------------+-------+-----
Fighting       | 1 2 |  2.3
Maces & Flails | |  0.8
Dodging        | |  3.4
Stealth        | |  4.4

Action                   || total
-------------------------++-------
Melee: Whip              ||    62
       Bite              ||    11
       Short sword       ||    27
Throw: Stone             ||    13
  Use: Scroll            ||     3
 Stab: Sleeping          ||     5
  Eat: Ration            ||     1
Armor: Robe              ||    20
Dodge: Dodged            ||    68
